 Dungeon Crawl Stone Soup version 0.14-a0-1773-ge500af7 (webtiles) character file.

856 Medar the Cleaver (level 7, 0/57 HPs)
             Began as a Lava Orc Chaos Knight on Jan 6, 2014.
             Was a Plaything of Xom.
             Slain by a troll (12 damage)
             ... on Level 6 of the Dungeon.
             The game lasted 00:17:32 (5712 turns).

Medar the Cleaver (Lava Orc Chaos Knight)           Turns: 5712, Time: 00:17:32

HP   0/57        AC  5     Str 19      XL: 7   Next: 55%
MP   7/7         EV 12     Int 12      God: Xom
Gold 72          SH  0     Dex 10      Spells:  0 memorised,  6 levels left

rFire  + + +     SeeInvis .     a - +0,+1 orc hand axe (chaos)
rCold  x . .     Clarity  +     b - +2 orc leather armour
rNeg   . . .     Conserve .     (no shield)
rPois  +         rCorr    .     (no helmet)
rElec  .         rRot     .     (no cloak)
SustAb . .       Spirit   .     (no gloves)
rMut   .         Warding  .     (no boots)
Saprov + . .     Stasis   .     q - amulet of clarity
                                o - ring of poison resistance
                                e - ring of protection from fire

@: mildly poisoned, very slightly contaminated, hasted, very quick, slightly
resistant to hostile enchantments, very unstealthy
A: repulsion field 1, blink 1, conserve scrolls, saprovore 1, screaming 1, spit
poison 2, strong 1
a: Spit Poison, Blink, Renounce Religion


You were on level 6 of the Dungeon.
You worshipped Xom.
You were a very special plaything of Xom.
You were not hungry.

You visited 1 branch of the dungeon, and saw 7 of its levels.

You collected 72 gold pieces.

Inventory:

Hand weapons
 a - a +0,+1 orcish hand axe of chaos (weapon)
 i - a +0,+0 halberd of pain
 k - a +1,+0 mace of protection
 n - a +0 blowgun
 C - a +1,+0 dwarven war axe
 E - a -1,+0 orcish hand axe
Missiles
 z - 13 poisoned needles
Armour
 b - a +2 orcish leather armour (worn)
Comestibles
 c - a meat ration
 r - 2 apples
 s - 3 bread rations
 B - a pear
Scrolls
 g - 2 scrolls of teleportation
 h - a scroll of immolation {unknown}
 j - a scroll of blinking {unknown}
 p - a scroll of fog {unknown}
 t - a scroll of enchant weapon I
 u - a scroll of curse weapon {unknown}
 v - 6 scrolls of remove curse {unknown}
 x - a scroll of noise
 A - a scroll of curse jewellery {unknown}
 G - 2 scrolls of enchant weapon II
Jewellery
 e - a ring of protection from fire (left hand)
 o - a ring of poison resistance (right hand)
 q - an amulet of clarity (around neck)
 y - an uncursed amulet of the gourmand
Potions
 d - a potion of speed
 f - a potion of magic
 w - a potion of berserk rage {unknown}
Books
 l - a book of Power

   Spells                             Type                      Level
   Iskenderun's Mystic Blast          Conjuration                  4
   Venom Bolt                         Conjuration/Poison           5
   Bolt of Magma                      Conjuration/Fire/Earth       5
   Fulminant Prism                    Conjuration/Hexes            5
   Iron Shot                          Conjuration/Earth            6
   Orb of Destruction                 Conjuration                  7


   Skills:
 - Level 3.6 Fighting
 + Level 10.7 Axes
 - Level 2.1 Armour
 - Level 0.7 Dodging


You had 6 spell levels left.
You didn't know any spells.

Dungeon Overview and Level Annotations

Branches:
Dungeon (9/16)
 Temple: D:4-7          Orc: D:9-12        Lair: D:8-11

Altars:

Annotations:
D:6 Edmund


Innate Abilities, Weirdness & Mutations

You have stony skin.
Your flesh is almost immune to the effects of heat.
Your fire spells are more powerful.
Your flesh is vulnerable to cold.
Your heat harms attackers.
You bathe your surroundings in blazing heat.
You are too hot to use scrolls.
You are very good at protecting items from fire.
You can tolerate rotten meat.
You are surrounded by a mild repulsion field (EV +2).
You can translocate small distances at will.
You occasionally shout uncontrollably.
You can spit moderately strong poison.
Your muscles are strong. (Str +2)


Message History

Okay, then.
Read which item? (? for menu, Esc to quit)
Okay, then.
Drink which item? (? for menu, Esc to quit)
You feel yourself speed up.
It was a potion of speed.
Xom roars with laughter!
You feel sick.
You are very lightly contaminated with residual magic.
A kobold comes into view. It is wielding an orcish dagger.
You hit the troll. You drain the troll!
The troll is lightly wounded.
The troll bites you!
* * * LOW HITPOINT WARNING * * *
The troll appears unharmed.
The troll claws you.
* * * LOW HITPOINT WARNING * * *
The troll is singed by your heat.
The troll is moderately wounded.
The troll claws you!
You die...
Xom chuckles heartily!

*, ,.K.**,**,*,#######
*,,,...,,,,...,.......
****#@#*#.*#.#.#######
#.# #.##.#.# #.#
#.....># #.# *......#
#.# *,.....* #.#
*,,..., #@# ***#.#**
#T# #.# #.# #%# ###
#.# #.# #.. #.# #.###
#.[ #####.######...#
#.. #..........#...#
#.. #........).....#
#.. #..........#...#
#..


You could see Edmund, a troll and a kobold.

Vanquished Creatures
  Duvessa (D:6)
  2 giant frogs (D:6)
  Dowan (D:6)
  3 crimson imps
  An iguana (D:6)
  An orc wizard (D:6)
  3 worker ants
  Ijyb (D:2)
  An adder (D:3)
  A scorpion (D:6)
  17 gnolls (D:3)
  A white imp (D:3)
  A worm (D:2)
  2 giant geckos
  An ooze (D:3)
  4 orcs
  26 bats
  3 giant cockroaches
  9 goblins
  8 hobgoblins
  25 jackals
  13 kobolds
  A quokka (D:3)
  3 giant newts (D:3)
  8 rats
137 creatures vanquished.

Notes
Turn   | Place    | Note
--------------------------------------------------------------
     0 | D:1      | Medar, the Lava Orc Chaos Knight, began the quest for the Orb.
     0 | D:1      | Reached XP level 1. HP: 19/19 MP: 1/1
    92 | D:1      | XOM: harmless Conj miscast
   258 | D:1      | Reached skill level 4 in Axes
   305 | D:1      | XOM: divination: magic mapping
   313 | D:1      | XOM: potion effect (brilliance)
   321 | D:1      | Reached XP level 2. HP: 26/26 MP: 2/2
   451 | D:1      | XOM: harmless Pois miscast
   602 | D:1      | XOM: silly message
   736 | D:1      | XOM: medium Trmt miscast
   868 | D:1      | Reached skill level 5 in Axes
  1058 | D:1      | Reached XP level 3. HP: 31/31 MP: 3/3
  1285 | D:2      | XOM: give mutation
  1285 | D:2      | Gained mutation: You occasionally shout uncontrollably. [Xom's mischief]
  1633 | D:2      | Noticed Ijyb
  1642 | D:2      | Killed Ijyb
  1782 | D:2      | Reached XP level 4. HP: 39/39 MP: 4/4
  1887 | D:2      | Reached skill level 6 in Axes
  1992 | D:2      | XOM: colour smoke trail
  2863 | D:3      | XOM: colour smoke trail
  3152 | D:3      | Reached XP level 5. HP: 45/45 MP: 5/5
  3159 | D:3      | Reached skill level 7 in Axes
  3190 | D:3      | XOM: summons 2 hostile demons
  3191 | D:3      | Noticed a sixfirhy
  3397 | D:3      | XOM: draining
  3404 | D:3      | XOM: give mutations
  3404 | D:3      | Gained mutation: Your muscles are strong. (Str +2) [Xom's grace]
  3404 | D:3      | Gained mutation: You are surrounded by a mild repulsion field (EV +2). [Xom's grace]
  3404 | D:3      | Gained mutation: You can translocate small distances at will. [Xom's grace]
  3404 | D:3      | Gained mutation: You can spit poison. [Xom's grace]
  3602 | D:3      | XOM: mild Divn miscast
  3631 | D:3      | XOM: harmless Chrm miscast
  3696 | D:3      | XOM: medium Necr miscast
  3798 | D:3      | Noticed an ogre
  3802 | D:3      | Gained mutation: You can spit moderately strong poison. [potion of beneficial mutation]
  3805 | D:3      | XOM: summons 2 hostile demons
  3806 | D:3      | Noticed a hellwing
  3895 | D:3      | XOM: medium Tloc miscast
  4001 | D:3      | XOM: give mutations
  4001 | D:3      | Gained mutation: Your body is slowly deteriorating. [Xom's mischief]
  4001 | D:3      | Lost mutation: Your body is slowly deteriorating. [Xom's mischief]
  4206 | D:3      | Reached skill level 8 in Axes
  4291 | D:3      | Reached XP level 6. HP: 44/51 MP: 6/6
  4326 | D:3      | XOM: enchant monster (bad)
  4751 | D:3      | You fall through a shaft for 3 floors!
  4808 | D:6      | Noticed Dowan
  4833 | D:6      | Killed Dowan
  4920 | D:6      | Reached skill level 9 in Axes
  4970 | D:6      | Reached XP level 7. HP: 5/57 MP: 7/7
  4989 | D:6      | XOM: mild Erth miscast
  5143 | D:6      | XOM: silly message
  5254 | D:6      | Noticed Duvessa
  5265 | D:6      | Killed Duvessa
  5372 | D:6      | You fall through a shaft for 3 floors!
  5382 | D:9      | Reached skill level 10 in Axes
  5466 | D:9      | XOM: colour smoke trail
  5479 | D:8      | Noticed a fire drake
  5678 | D:6      | Noticed a troll
  5695 | D:6      | XOM: enchant monster (bad)
  5705 | D:6      | XOM: mild Ice miscast
  5710 | D:6      | Noticed Edmund
  5712 | D:6      | Slain by a troll

Action                   |  1- 3 |  4- 6 |  7- 9 || total
-------------------------+-------+-------+-------++-------
Melee: Hand axe          |   126 |   274 |    53 ||   453
       Mace              |     4 |       |       ||     4
 Abil: Spit Poison       |       |     2 |       ||     2
  Use: Scroll            |     4 |    10 |       ||    14
       Potion            |     1 |     8 |     1 ||    10
 Stab: Paralysed         |       |     3 |       ||     3
       Confused          |       |     2 |       ||     2
